 Dungeon Crawl Stone Soup version 0.28-a0-773-g130ae17fe5 (webtiles) character file.

Game seed: 2368968876848552130

438 cheechan the Chopper (level 7, -13/64 HPs)
             Began as a Naga Fighter on Nov 1, 2021.
             Was an Initiate of Gozag.
             Killed from afar by an acid dragon (33 damage)
             ... with a splash of acid
             ... on level 3 of the Dungeon.
             The game lasted 00:09:17 (2791 turns).

cheechan the Chopper (Naga Fighter)                 Turns: 2791, Time: 00:09:18

Health: -13/64     AC:  6    Str: 20    XL:     7   Next: 1%
Magic:  7/7        EV:  8    Int: 15    God:    Gozag
Gold:   216        SH:  4    Dex: 10    Spells: 6/6 levels left

rFire   . . .      SeeInvis +   a - +1 war axe
rCold   . . .      Faith    .   c - +0 buckler
rNeg    . . .      Spirit   .   b - +0 scale mail
rPois   +          Reflect  .   o - +0 helmet
rElec   .          Harm     .   v - +2 cloak
rCorr   .          Rampage  .   (no gloves)
Will    .....                   (no barding)
Stlth   ..........              (no amulet)
HPRegen 0.20/turn               h - +4 ring of protection
MPRegen 0.10/turn               q - +6 ring of intelligence

@: corroded, hasted, quick
A: AC +2, large, see invisible, deformed body, poison resistance, slowness 2,
spit poison 1, naga tail 1
a: Spit Poison, Renounce Religion, Potion Petition, Call Merchant, Bribe Branch


You were on level 3 of the Dungeon.
You worshipped Gozag.
Gozag was aware of your devotion.
You visited 2 branches of the dungeon, and saw 5 of its levels.

You collected 270 gold pieces.
You paid 54 gold pieces to Gozag.

Inventory:

Hand Weapons
 a - a +1 war axe (weapon)
 d - a +2 quarterstaff of chaos
 n - a +0 flail
 r - a +0 hunting sling
Missiles
 i - 43 sling bullets
 j - 41 bolts
 k - 4 curare-tipped darts
 m - 21 arrows
Armour
 b - a +0 scale mail (worn)
 c - a +0 buckler (worn)
 o - a +0 helmet (worn)
 v - a +2 cloak (worn)
Jewellery
 h - a +4 ring of protection (left hand)
 q - a +6 ring of intelligence (right hand)
Scrolls
 e - a scroll of enchant armour
 g - a scroll of identify {unknown}
Potions
 f - a potion of invisibility {unknown}
 w - a potion of cancellation {unknown}


   Skills:
 + Level 4.2 Fighting
 + Level 4.5 Axes
 + Level 0.1 Throwing
 + Level 3.6 Armour
 + Level 1.2 Dodging
 + Level 1.2 Stealth
 + Level 3.2 Shields


You had 6 spell levels left.
You didn't know any spells.
Your spell library was empty.

Dungeon Overview and Level Annotations

Branches:
Dungeon (4/15)             Temple (1/1) D:4

Altars:
Gozag
Hepliaklqana
Kikubaaqudgha
Makhleb
Nemelex Xobeh
Ru
Sif Muna
Trog
Vehumet
Wu Jian

Shops:
D:3 !


Innate Abilities, Weirdness & Mutations

Your serpentine skin is tough. (AC +2)
You have supernaturally acute eyesight. (SInv)
Armour fits poorly on your strangely shaped body.
Your system is resistant to poisons. (rPois)
You cover ground very slowly.
You can spit poison.
You have a snake-like lower body.


Message History

The splash of poison misses the crimson imp.
The crimson imp barely misses you.
You miss the crimson imp.
The crimson imp blinks!
You have got your breath back.
The crimson imp barely misses you.
You hit the crimson imp.
The crimson imp is heavily wounded.
The crimson imp barely misses you.
You closely miss the crimson imp.
The crimson imp is moderately wounded.
The crimson imp barely misses you.
The crimson imp hits you but does no damage.
You slash the crimson imp!
You kill the crimson imp!
You have reached level 7!
You now have 216 gold pieces (gained 6).
An acid dragon comes into view.
The acid dragon roars!
The acid dragon spits acid at you. The splash of acid hits you!!
The acid corrodes you! The acid dragon spits acid at you.
The splash of acid hits you!! The acid corrodes you!
Okay, then.
Okay, then.
You feel yourself speed up.
There is a stone staircase leading up here.
You climb upwards.
There is a stone staircase leading down here.
You hit the acid dragon but do no damage.
The acid dragon closely misses you. The acid dragon claws you.
* * * LOW HITPOINT WARNING * * *
You barely miss the acid dragon. You block the acid dragon's attack.
The acid dragon barely misses you.
The acid dragon bites you but does no damage.
The acid dragon barely misses you. The acid dragon spits acid at you.
The splash of acid hits you!!
Ouch! That really hurt!
You die...
Your body crumbles into a pile of gold.

### #### ##### #.. ..# ....# #.#
#.# ###.# #.#####.###### ###.#
#.##......@.># .##.#
#.......#..D.###########
.##.###.......#.#..##........#
................#...#.####.###
....#.........#####...####..###♣♣
..###..#........#..)....###.....♣
)........######.#..####.# #......
..<##.##.# #....# .# ##.....
##.##.##.#########.# # ##....


You could see an acid dragon (catching breath).

Vanquished Creatures
  A crimson imp (D:4)
  Crazy Yiuf (D:3)
  2 hounds (D:4)
  A centaur skeleton (D:4)
  An iguana (D:4)
  An orc wizard (D:4)
  Natasha (thrice) (D:3)
  6 gnolls
  2 adders (D:2)
  A worm (D:2)
  A dart slug (D:1)
  10 orcs
  7 endoplasms
  2 giant cockroaches
  5 goblins
  9 hobgoblins
  3 quokkas
  8 ball pythons
  3 bats
  3 frilled lizards (D:2)
  5 kobolds
  5 rats
80 creatures vanquished.

Notes
Turn   | Place    | Note
-------+----------+-------------------------------------------
     0 | D:1      | cheechan the Naga Fighter began the quest for the Orb.
     0 | D:1      | Reached XP level 1. HP: 21/21 MP: 1/1
    68 | D:1      | Reached XP level 2. HP: 11/28 MP: 2/2
    79 | D:1      | Found a faded altar of an unknown god.
   673 | D:2      | Reached XP level 3. HP: 34/34 MP: 3/3
   945 | D:2      | Reached XP level 4. HP: 22/42 MP: 4/4
  1162 | D:2      | Found a sacrificial altar of Ru.
  1481 | D:3      | Found Hiterr's Distillery.
  1664 | D:3      | Reached XP level 5. HP: 48/50 MP: 5/5
  1709 | D:3      | Noticed Natasha
  1729 | D:3      | Killed Natasha
  1748 | D:3      | Noticed Natasha
  1753 | D:3      | Killed Natasha
  1775 | D:3      | Noticed Natasha
  1780 | D:3      | Killed Natasha
  2056 | D:3      | Found a runed translucent door.
  2057 | D:3      | Noticed Crazy Yiuf
  2065 | D:3      | Killed Crazy Yiuf
  2066 | D:3      | Reached skill level 1 in Stealth
  2066 | D:3      | Reached XP level 6. HP: 46/57 MP: 6/6
  2192 | D:4      | Reached skill level 1 in Dodging
  2203 | D:4      | Found an ornate altar of the Wu Jian Council.
  2205 | D:4      | Found an opulent altar of Gozag.
  2255 | D:4      | Became a worshipper of Gozag Ym Sagoz the Greedy
  2647 | D:4      | Found a staircase to the Ecumenical Temple.
  2653 | Temple   | Entered the Ecumenical Temple
  2725 | D:4      | Found a radiant altar of Vehumet.
  2725 | D:4      | Found a burning altar of Makhleb.
  2756 | D:4      | Reached XP level 7. HP: 64/64 MP: 7/7
  2791 | D:3      | Killed from afar by an acid dragon

Illustrated notes

Levels and vault maps discovered:
D:1:      dpeg_arrival_tiny_g, layout_basic, hellmonk_ecumenical_altar_run_dry
D:2:      layout_rooms, basic_altar, interstate_on_off, minivault_25,
          grunt_ministairs_5
D:3:      layout_loops_ring, serial_shops, shop, chequers_serial_rivers_micro_d,
          uniq_natasha, uniq_crazy_yiuf_cottage
D:4:      cheibrodos_quashed, layout_cave_pools,
          grunt_temple_overflow_lords_of_destruction,
          chequers_temple_overflow_statue_of_worship, minmay_temple_entry_hall,
          minmay_quadrilaterals
Temple:   regret_index_temple_waves

Skill      XL: |  1  2  3  4  5  6 |
---------------+-------------------+-----
Armour         | 3 |  3.6
Axes           | 3 4 |  4.5
Shields        | 3 |  3.2
Stealth        | 1 |  1.2
Fighting       | 4 |  4.2
Dodging        | 1 |  1.2
Throwing       | |  0.1

Action                   |  1- 3 |  4- 6 |  7- 9 || total
-------------------------+-------+-------+-------++-------
Melee: War axe           |    83 |   160 |     2 ||   245
Throw: Dart              |       |     3 |       ||     3
 Abil: Spit Poison       |     4 |    11 |       ||    15
  Use: Potion            |       |     1 |     1 ||     2
       Scroll            |       |     7 |       ||     7
Armor: Scale mail        |    56 |   117 |     1 ||   174
Dodge: Dodged            |    46 |    88 |     3 ||   137
Block: Buckler           |    23 |    45 |     1 ||    69

Table legend: (Time is in decaauts)
 A = Elapsed time spent in this place.
 B = Non-inter-level travel time spent in this place.
 C = Inter-level travel time spent in this place.
 D = Time resting spent in this place.
 E = Time spent auto-exploring this place.
 F = Levels seen in this place.
 G = Mean time per level.
                   A        B        C        D        E       F      G
               +--------+--------+--------+--------+--------+-----+--------+
         Total |   3697 |   3697 |      0 |    369 |      0 |   5 |  739.4 |
       Dungeon |   3648 |   3648 |      0 |    369 |      0 |   4 |  912.0 |
        Temple |     49 |     49 |      0 |      0 |      0 |   1 |   49.0 |
               +--------+--------+--------+--------+--------+-----+--------+

Top non-repeatable levels by time:
     D:3: 1119 daAuts
     D:1: 918 daAuts
     D:4: 827 daAuts
     D:2: 783 daAuts
  Temple: 49 daAuts
